 Dungeon Crawl Stone Soup version 0.30.1-9-gdf580d7c3d (webtiles) character file.

Game seed: 8362968971549141529

98 lonewolfV2 the Trooper (level 5, -1/43 HPs)
             Began as a Formicid Fighter on Oct 16, 2023.
             Slain by a steam dragon (3 damage)
             ... on level 4 of the Dungeon.
             The game lasted 00:04:47 (2235 turns).

lonewolfV2 the Trooper (Formicid Fighter)           Turns: 2235, Time: 00:04:48

Health: -1/43      AC:  8    Str: 23    XL:     5   Next: 1%
Magic:  5/5        EV:  9    Int:  7    God:
Gold:   162        SH: 10    Dex: 13    Spells: 4/4 levels left

rFire   . . .        a - +0 war axe
rCold   . . .        c - +0 buckler
rNeg    . . .        b - +0 scale mail
rPois   .            (helmet unavailable)
rElec   .            e - +0 cloak
rCorr   .            (no gloves)
SInv    +            (no boots)
Will    .....        o - amulet of reflection Stlth
                     (no ring)
HPRegen 0.27/turn    (no ring)
MPRegen 0.09/turn

%: reflection
@: mighty
A: permanent stasis, dig shafts and tunnels, antennae 3, four strong arms
a: Dig, Shaft Self


You were on level 4 of the Dungeon.
You visited 1 branch of the dungeon, and saw 4 of its levels.

You collected 162 gold pieces.

Inventory:

Hand Weapons
 a - a +0 war axe (weapon)
Armour
 b - a +0 scale mail (worn)
 c - a +0 buckler (worn)
 e - a +0 cloak (worn)
Jewellery
 n - a ring of fire
 o - an amulet of reflection (around neck)
Scrolls
 k - 2 scrolls of blinking
Potions
 d - a potion of might
 f - a potion of attraction
 g - a potion of mutation
 h - a potion of invisibility {unknown}
 j - a potion of berserk rage
 l - a potion of brilliance {unknown}
 p - a potion of flight {unknown}


   Skills:
 + Level 4.4 Fighting
 + Level 3.3 Axes
 - Level 3.6 Armour
 - Level 4.3 Shields


You had 4 spell levels left.
You didn't know any spells.
Your spell library contained the following spells:

 Spells                   Type           Power      Damage    Failure   Level
 Gell's Gravitas          Tloc           0%         N/A       99%         3
 Teleport Other           Tloc           0%         N/A       99%         3
 Dispersal                Tloc           0%         N/A       100%        6


Dungeon Overview and Level Annotations

Branches:
Dungeon (4/15)
 Temple: D:4-7

Altars:


Innate Abilities, Weirdness & Mutations

You cannot be hasted, slowed, berserked, paralysed or teleported.
You can dig through walls and to a lower floor.
You have a pair of large antennae on your head. (SInv)
Your four strong arms can wield two-handed weapons with a shield.


Message History

The steam dragon closely misses you. The steam dragon misses you.
You closely miss the steam dragon.
The steam dragon is moderately wounded.
The steam dragon breathes steam at you. The ball of steam hits you!
You slash the steam dragon!
The steam dragon is severely wounded.
You are engulfed in a cloud of scalding steam.
* * * LOW HITPOINT WARNING * * *
The steam dragon bites you!
* * * LOW HITPOINT WARNING * * *
You block the steam dragon's attack.
You feel much better.
You are engulfed in a cloud of scalding steam.
You block the steam dragon's attack.
The steam dragon claws you but does no damage.
You feel very mighty all of a sudden. The steam dragon closely misses you.
You block the steam dragon's attack.
You closely miss the steam dragon.
The steam dragon is severely wounded.
You block the steam dragon's attack.
The steam dragon claws you but does no damage.
The steam dragon bites you. You block the steam dragon's attack.
You closely miss the steam dragon.
The steam dragon is severely wounded.
The steam dragon breathes steam at you. The ball of steam hits you!
* * * LOW HITPOINT WARNING * * *
You barely miss the steam dragon.
The steam dragon is severely wounded.
You are engulfed in a cloud of scalding steam.
* * * LOW HITPOINT WARNING * * *
The steam dragon bites you but does no damage.
You block the steam dragon's attack.
You slash the steam dragon!
The steam dragon is almost dead.
You are engulfed in a cloud of scalding steam.
* * * LOW HITPOINT WARNING * * *
The steam dragon bites you.
You die...

...................≈......
...#.##.######..##.≈.#####
#.##.# #..##.≈.# ...
#.##.# #..##.≈.# ≈≈≈≈
####.##.######..##.≈.#
≈..)
................##.≈.#.≈.#
........######..##.≈.#.≈.#
####.#########§[##..≈.#
#.........§§.@D..≈.#
#..).....§§§§##..≈.#
##.########## #..≈.# #.#
#..≈.# #<# #..≈..... ###
##.≈≈≈≈≈≈≈ #........
#########


You could see a steam dragon (catching breath).

Vanquished Creatures
  3 adders
  A worm (D:3)
  2 dart slugs
  An orc (D:4)
  2 bats
  7 endoplasms
  3 giant cockroaches
  4 goblins
  2 hobgoblins (D:1)
  10 kobolds
  3 quokkas
  7 ball pythons
  6 frilled lizards
  11 rats
62 creatures vanquished.

Notes
Turn   | Place    | Note
-------+----------+-------------------------------------------
     0 | D:1      | lonewolfV2 the Formicid Fighter began the quest for the
                  | Orb.
     0 | D:1      | Reached XP level 1. HP: 18/18 MP: 1/1
   132 | D:1      | Reached XP level 2. HP: 20/24 MP: 2/2
   542 | D:1      | Reached XP level 3. HP: 29/29 MP: 3/3
   978 | D:2      | Found a faded altar of an unknown god.
   978 | D:2      | Noticed a blizzard demon
  1070 | D:2      | Reached XP level 4. HP: 30/37 MP: 4/4
  2172 | D:4      | Reached XP level 5. HP: 41/43 MP: 5/5
  2218 | D:4      | Noticed a steam dragon
  2229 | D:4      | HP: 1/43 [steam dragon (8)]
  2235 | D:4      | HP: 2/43 [steam dragon] (6)]
  2235 | D:4      | Slain by a steam dragon

Illustrated notes

Levels and vault maps discovered:
D:1:      minmay_arrival_hallway, layout_basic
D:2:      minmay_door_path, layout_rooms,
          dreamdust_ecumenical_altar_sealed_demon
D:3:      layout_loops_ring, mrwooster_statue_mirror
D:4:      layout_basic, nicolae_overflow_squiral, temple_statues,
          gammafunk_ghost_cemetery

Skill      XL: |  1  2  3  4 |
---------------+-------------+-----
Fighting       | 4 |  4.4
Axes           | 3 |  3.3
Armour         | |  3.6
Shields        | |  4.3

Action                     |  1- 3 |  4- 6 || total
---------------------------+-------+-------++-------
  Melee: War axe           |    91 |    67 ||   158
    Use: Scroll            |     6 |     5 ||    11
         Potion            |       |     2 ||     2
 Armour: Scale mail        |    60 |    28 ||    88
  Dodge: Dodged            |    38 |    32 ||    70
  Block: Buckler           |    28 |    34 ||    62
